 Dungeon Crawl Stone Soup version 0.28.0-62-gf88900778d (webtiles) character file.

Game seed: 14230527807518800191

4047 cbfl8 the Cleaver (level 10, 0/77 HPs)
             Began as a Minotaur Fighter on Sept 12, 2023.
             Was a Follower of Hepliaklqana.
             Slain by a komodo dragon (8 damage)
             ... on level 8 of the Dungeon.
             The game lasted 00:07:36 (10236 turns).

cbfl8 the Cleaver (Minotaur Fighter)               Turns: 10236, Time: 00:07:37

Health: 0/77       AC: 16    Str: 21    XL:     10   Next: 4%
Magic:  0/9        EV:  6    Int: 11    God:    Hepliaklqana [*.....]
Gold:   405        SH:  5    Dex: 14    Spells: 9/9 levels left

rFire   . . .      SeeInvis .   a - +0 war axe
rCold   . . .      Faith    .   c - +0 buckler
rNeg    . . .      Spirit   +   w - +0 plate armour
rPois   .          Reflect  .   (helmet restricted)
rElec   .          Harm     .   y - +0 cloak
rCorr   .          Rampage  .   (no gloves)
Will    .....                   b - +0 pair of boots
Stlth   ..........              e - amulet of guardian spirit
HPRegen 0.22/turn               p - +6 ring of intelligence
MPRegen 0.11/turn               (no ring)

@: no status effects
A: reduced essence, horns 2, retaliatory headbutt
a: Renounce Religion, Recall Ancestor, Ancestor Identity


You were on level 8 of the Dungeon.
You worshipped Hepliaklqana.
Hepliaklqana was aware of your devotion.
You visited 2 branches of the dungeon, and saw 9 of its levels.

You collected 405 gold pieces.

Inventory:

Hand Weapons
 a - a +0 war axe (weapon)
Missiles
 u - 25 bolts
 z - 2 throwing nets (quivered)
Armour
 b - a +0 pair of boots (worn)
 c - a +0 buckler (worn)
 w - a +0 plate armour (worn)
 y - a +0 cloak (worn)
Jewellery
 e - an amulet of guardian spirit (around neck)
 p - a +6 ring of intelligence (left hand)
Wands
 h - a wand of paralysis (9)
 l - a wand of flame (25)
 x - a wand of polymorph (15)
Scrolls
 g - 4 scrolls of teleportation
 i - 2 scrolls of magic mapping
 n - a scroll of noise
 o - 2 scrolls of blinking
 s - 2 scrolls of immolation
Potions
 d - 2 potions of might
 f - 3 potions of resistance
 j - a potion of invisibility {unknown}
 k - 3 potions of heal wounds
 m - 2 potions of berserk rage
 q - 3 potions of ambrosia {unknown}
 r - 3 potions of curing {unknown}
 t - a potion of magic {unknown}
 v - a potion of mutation {unknown}


   Skills:
 + Level 7.1 Fighting
 + Level 10.7 Axes
 + Level 9.1 Armour
 + Level 6.1 Shields
 * Level 5.8 Evocations


You had 9 spell levels left.
You didn't know any spells.
Your spell library contained the following spells:

 Spells                   Type           Power      Damage    Failure   Level
 Ensorcelled Hibernation  Hex/Ice        0%         N/A       100%        2
 Passwall                 Tmut/Erth      0%         N/A       100%        2
 Swiftness                Air            0%         N/A       100%        3


Dungeon Overview and Level Annotations

Branches:
Dungeon (8/15)             Temple (1/1) D:5            Lair (0/6) D:8

Altars:
Ashenzari
Cheibriados
Dithmenos
Elyvilon
Fedhas
Gozag
Hepliaklqana
Kikubaaqudgha
Makhleb
Nemelex Xobeh
Okawaru
Qazlal
Ru
Sif Muna
Trog
Uskayaw
Vehumet
Wu Jian
Xom
Yredelemnul
Zin
The Shining One

Shops:
D:2 :

Annotations:
D:4 1 runed translucent door, cbfl8's ghost, amateur DsFi


Innate Abilities, Weirdness & Mutations

Your life essence is reduced to manifest your ancestor. (-10% HP)
You have a pair of horns on your head.
You reflexively headbutt those who attack you in melee.


Message History

No reachable target in view!
No reachable target in view!
A nearby plant withers and dies.
The komodo dragon bites Ealdgyð!!
Ealdgyð hits the komodo dragon!
The komodo dragon bites Ealdgyð!
Ealdgyð is destroyed!
A nearby plant withers and dies. x2
The komodo dragon bites you but does no damage.
The komodo dragon bites you!
You slash the komodo dragon!
You headbutt the komodo dragon, but do no damage.
The komodo dragon is moderately wounded.
You slash the plant!
The plant begins to die.
You hit the plant but do no damage. You slash the plant!
The plant begins to die.
The komodo dragon bites you!
You hit the komodo dragon. Your headbutt misses the komodo dragon.
The komodo dragon is heavily wounded.
You hit the plant. x2; The plant begins to die.
You slash the plant! The komodo dragon bites you!
You slash the komodo dragon!
The komodo dragon is severely wounded.
You hit the plant. You hit the plant but do no damage. You slash the plant!
A nearby plant withers and dies. x2; The komodo dragon bites you!
Unknown command.
You completely miss the komodo dragon.
The komodo dragon is severely wounded.
You hit the plant. The komodo dragon bites you!
* * * LOW HITPOINT WARNING * * *
Unknown command.
You hit the komodo dragon but do no damage.
Your headbutt misses the komodo dragon.
The komodo dragon is severely wounded.
You slash the plant! The komodo dragon bites you!!
* * * LOW HITPOINT WARNING * * *
Unknown command.
You closely miss the komodo dragon. You headbutt the komodo dragon.
The komodo dragon is almost dead.
You slash the plant!
A nearby plant withers and dies.
The komodo dragon bites you!
You die...

##<# #.# ..$# ##.####
#.# #.#.# ......# #.#
##)..## ......#
#.###)...P##
......######.##....PPP#
...........#.##....PPP#
......####.#(#...PPPPP#
.......)..........PPPP#
......#######...@l.PPP#
####### ##......PP#
#..PP.>.P# ##.PP...P#


#..PPPPP# ##PPPPP## ####### You could see a komodo dragon.

Vanquished Creatures
  Sigmund (D:5)
  5 yaks (D:6)
  Eustachio (D:4)
  3 water moccasins
  A sky beast (D:5)
  An orc warrior (D:6)
  An ice beast (D:7)
  A necrophage (D:6)
  2 ogres
  2 phantoms
  A kobold brigand (D:8)
  3 scorpions
  A bullfrog (D:7)
  8 wights (D:7)
  4 howler monkeys
  A bullfrog zombie (D:6)
  Crazy Yiuf (D:7)
  3 centaur zombies
  5 hounds
  2 bullfrog skeletons
  4 jellies
  An orc priest (D:6)
  4 iguanas
  6 orc wizards
  7 gnolls
  8 adders
  A howler monkey skeleton (D:7)
  3 shadow imps
  3 ufetubi
  2 adder skeletons (D:4)
  2 dart slugs
  24 orcs
  5 ball pythons
  5 endoplasms
  3 giant cockroaches
  12 goblins
  11 hobgoblins
  3 quokkas
  5 bats
  6 frilled lizards
  21 kobolds
  7 rats
190 creatures vanquished.

Vanquished Creatures (collateral kills)
  A kobold brigand (D:8)
  A bullfrog (D:7)
  2 kobolds (D:8)
4 creatures vanquished.

Vanquished Creatures (others)
  An ancestor (D:8)
  9 plants
10 creatures vanquished.

Grand Total: 204 creatures vanquished

Notes
Turn   | Place    | Note
-------+----------+-------------------------------------------
     0 | D:1      | cbfl8 the Minotaur Fighter began the quest for the Orb.
     0 | D:1      | Reached XP level 1. HP: 19/19 MP: 0/0
    91 | D:1      | Found a faded altar of an unknown god.
   225 | D:1      | Reached XP level 2. HP: 27/27 MP: 1/1
   622 | D:2      | Found Cehehaec's Book Shoppe.
  1519 | D:2      | Reached XP level 3. HP: 33/33 MP: 2/2
  1543 | D:2      | Reached skill level 3 in Axes
  1543 | D:2      | Reached skill level 1 in Evocations
  2068 | D:3      | Reached XP level 4. HP: 18/40 MP: 3/3
  2697 | D:3      | Reached skill level 4 in Axes
  2697 | D:3      | Reached XP level 5. HP: 45/46 MP: 4/4
  3167 | D:4      | Reached skill level 5 in Armour
  3167 | D:4      | Reached XP level 6. HP: 37/53 MP: 5/5
  3325 | D:4      | Noticed Eustachio
  3363 | D:4      | Killed Eustachio
  3364 | D:4      | Reached skill level 5 in Axes
  3530 | D:4      | Found a runed translucent door.
  3530 | D:4      | Noticed cbfl8's ghost (amateur DsFi)
  3820 | D:4      | Reached skill level 5 in Fighting
  3820 | D:4      | Reached XP level 7. HP: 21/61 MP: 6/6
  4082 | D:4      | Found a basalt altar of Yredelemnul.
  4662 | D:5      | Entered Level 5 of the Dungeon
  4697 | D:5      | Reached skill level 6 in Axes
  4758 | D:5      | Noticed Sigmund
  4768 | D:5      | Killed Sigmund
  5451 | D:5      | Found a staircase to the Ecumenical Temple.
  5662 | Temple   | Entered the Ecumenical Temple
  5844 | Temple   | Became a worshipper of Hepliaklqana the Forgotten
  6215 | D:5      | Reached skill level 7 in Axes
  6215 | D:5      | Reached XP level 8. HP: 47/69 MP: 7/7
  6858 | D:5      | Reached skill level 5 in Shields
  7295 | D:6      | Reached skill level 8 in Axes
  7904 | D:6      | Reached XP level 9. HP: 75/75 MP: 8/8
  7917 | D:6      | Reached skill level 9 in Axes
  7922 | D:6      | Reached skill level 5 in Evocations
  8311 | D:6      | Reached * piety under Hepliaklqana
  8801 | D:7      | Reached skill level 10 in Axes
  9830 | D:7      | Found a runed translucent door.
  9831 | D:7      | Noticed Crazy Yiuf
  9957 | D:7      | Killed Crazy Yiuf
  9958 | D:7      | Reached XP level 10. HP: 68/75 MP: 7/9
 10216 | D:8      | Found a staircase to the Lair.
 10236 | D:8      | Slain by a komodo dragon

Illustrated notes

Levels and vault maps discovered:
D:1:      zaba_arrival_water, layout_basic,
          dreamdust_ecumenical_altar_angels_and_demons
D:2:      minmay_angry_zag, layout_loops_ring, serial_shops, shop,
          grunt_ministairs_13, minmay_hedge_maze
D:3:      minmay_recursive_quarters, layout_rooms, serial_aquarium,
          aquarium_bridge_long_separate [aquarium_subvault_bridge,
          aquarium_subvault_bridge, aquarium_subvault_window,
          aquarium_subvault_window, aquarium_subvault_bridge,
          aquarium_subvault_wall], aquarium_bridge_straight
          [aquarium_subvault_bridge, aquarium_subvault_wall,
          aquarium_subvault_bridge, aquarium_subvault_wall], aquarium_window_2,
          aquarium_window_2, aquarium_view_2e, aquarium_view_2a,
          aquarium_balcony_double_3, minmay_misc_feat_tiny
D:4:      layout_basic, yredelemnul_altar_generic,
          hellmonk_ghost_happy_afterlife, uniq_eustachio
D:5:      corexii_shantytown, layout_basic, minmay_temple_entry_mini_moons,
          nicolae_figureground_pulse, uniq_sigmund
D:6:      layout_basic, grunt_ministairs_3
D:7:      layout_basic, minivault_26, grunt_ministairs_7,
          wad_floor_pattern_untrapped, minmay_crossroads,
          uniq_crazy_yiuf_cottage
D:8:      layout_loops_ring, david_lair_shrubbed, uniq_gastronok, uniq_pikel
Temple:   mainiacjoe_temple_starburst

Skill      XL: |  1  2  3  4  5  6  7  8  9 |
---------------+----------------------------+-----
Armour         | 4 5 6 7 9 |  9.1
Shields        | 4 5 6 |  6.1
Fighting       | 4 5 6 7 |  7.1
Axes           | 3 4 5 7 8 10 | 10.7
Evocations     | 1 2 3 4 5 |  5.8

Action                   |  1- 3 |  4- 6 |  7- 9 | 10-12 || total
-------------------------+-------+-------+-------+-------++-------
Melee: War axe           |    90 |   102 |   308 |    27 ||   527
       Headbutt          |    11 |    15 |    64 |     5 ||    95
  Use: Scroll            |     3 |     1 |    10 |       ||    14
       Potion            |       |       |     1 |       ||     1
 Stab: Distracted        |       |       |     2 |       ||     2
Armor: Scale mail        |    46 |    75 |     5 |       ||   126
       Chain mail        |       |       |    96 |       ||    96
       Plate armour      |       |       |    39 |     4 ||    43
Dodge: Dodged            |    29 |    67 |    89 |     4 ||   189
Block: Buckler           |    14 |    31 |    77 |     3 ||   125
